 Dungeon Crawl Stone Soup version 0.25.0-33-gff14898491 (webtiles) character file.

Game seed: 303117580030589926

70 Peloso the Skirmisher (level 4, -1/35 HPs)
             Began as a Demonspawn Fighter on July 7, 2020.
             Slain by an adder (4 damage)
             ... on level 2 of the Dungeon.
             The game lasted 00:02:05 (1812 turns).

Peloso the Skirmisher (Demonspawn Fighter)          Turns: 1812, Time: 00:02:08

Health: -1/35      AC:  6    Str: 17    XL:     4   Next: 3%
Magic:  4/4        EV:  7    Int: 10    God:
Gold:   85         SH:  9    Dex: 12    Spells: 3/3 levels left

rFire    . . .     SeeInvis .   a - +0 long sword
rCold    . . .     Gourm    .   c - +0 kite shield
rNeg     . . .     Faith    .   b - +0 scale mail
rPois    .         Spirit   .   (no helmet)
rElec    .         Reflect  .   (no cloak)
rCorr    .         Harm     .   (no gloves)
MR       .....                  (no boots)
Stlth    ++........             (no amulet)
HPRegen  0.11/turn              (no ring)
MPRegen  0.09/turn              (no ring)

@: lethally poisoned (-1 -> -48), stab
A: nightstalker 2
a: no special abilities


You were on level 2 of the Dungeon.
You were not hungry.

You visited 1 branch of the dungeon, and saw 2 of its levels.

You collected 85 gold pieces.

Inventory:

Hand Weapons
 a - a +0 long sword (weapon)
Armour
 b - a +0 scale mail (worn)
 c - a +0 kite shield (worn)
Scrolls
 e - 2 scrolls of teleportation {unknown}
Potions
 d - a potion of might
 i - a potion of curing {unknown}
Comestibles
 f - 2 rations
 g - 2 chunks of flesh


   Skills:
 + Level 3.3 Fighting
 + Level 2.6 Long Blades
 + Level 3.2 Armour
 + Level 0.3 Dodging
 + Level 3.2 Shields


You had 3 spell levels left.
You didn't know any spells.
Your spell library was empty.

Dungeon Overview and Level Annotations

Branches:
Dungeon (2/15)

Altars:

Annotations:
D:2 Natasha, Terence


Innate Abilities, Weirdness & Mutations

You are significantly more attuned to the shadows.


Message History

You feel very sick. The adder bites you but does no damage.
Terence hits you but does no damage.
You are more poisoned.
The adder barely misses you.
Unknown command.
You closely miss the adder.
The adder is severely wounded.
* * * LOW HITPOINT WARNING * * *
You feel very sick.
The goblin is no longer unusually resistant.
You block the adder's attack. Terence hits you but does no damage.
You are more poisoned.
It was a potion of stabbing.
You feel ready to backstab.
* * * LOW HITPOINT WARNING * * *
You feel very sick. The adder barely misses you.
You riposte.
You closely miss the adder.
The adder is severely wounded.
You block Terence's attack. The adder bites you.
You die...

#(..........##.......#
#..#..##.#..####.#.#.#
#........#..# ##.#.#.# .#
............##.......####.#
#....#####.......#.##.....#
#....# ##.....#.#.......########
.....# #........#.......#.......
#....# #......###@g.....#g......
#....# #.......@Sgg.....'.......
.....####.......##g......#g......
#...............##.......########
#.##.###........##.......#
#.##.###....##..##.......#
#.##<.)...#.##...#(#######
#.######.....÷...#.# #÷#
#.....##...#.#####
#.#####.....##.........#


You could see Terence, an adder, 2 hobgoblins and 2 goblins.

Vanquished Creatures
  Natasha (D:2)
  A gnoll (D:1)
  A worm (D:2)
  3 bats
  2 giant cockroaches (D:1)
  3 goblins
  2 hobgoblins
  8 jackals
  2 kobolds (D:1)
  2 frilled lizards
  5 rats
30 creatures vanquished.

Notes
Turn   | Place    | Note
-------+----------+-------------------------------------------
     0 | D:1      | Peloso the Demonspawn Fighter began the quest for the Orb.
     0 | D:1      | Reached XP level 1. HP: 18/18 MP: 1/1
    86 | D:1      | Gained mutation: You are slightly more attuned to the
                  | shadows. [demonic ancestry]
    86 | D:1      | Reached XP level 2. HP: 14/24 MP: 2/2
   919 | D:1      | Reached XP level 3. HP: 29/29 MP: 3/3
  1369 | D:2      | Noticed Natasha
  1542 | D:2      | Killed Natasha
  1730 | D:2      | Gained mutation: You are significantly more attuned to the
                  | shadows. [demonic ancestry]
  1730 | D:2      | Reached XP level 4. HP: 30/35 MP: 4/4
  1787 | D:2      | Noticed Terence
  1787 | D:2      | Noticed Natasha
  1812 | D:2      | Slain by an adder

Illustrated notes

Levels and vault maps discovered:
D:1:      beargit_arrival_greenhouse, layout_basic
D:2:      layout_basic, uniq_natasha, uniq_terence

Skill      XL: |  1  2 |
---------------+-------+-----
Long Blades    | 2 |  2.6
Shields        | 3 |  3.2
Armour         | 3 |  3.2
Fighting       | |  3.3
Dodging        | |  0.3

Action                   |  1- 3 |  4- 6 || total
-------------------------+-------+-------++-------
Melee: Long sword        |   119 |     8 ||   127
  Use: Potion            |       |     1 ||     1
 Stab: Sleeping          |     1 |       ||     1
  Eat: Chunk             |     3 |       ||     3
Armor: Scale mail        |    66 |     8 ||    74
Dodge: Dodged            |    45 |     7 ||    52
Block: Kite shield       |    71 |     7 ||    78
       Rpst.: Long sword |    14 |     1 ||    15
